[Event "Masters Tournament (MTO)"]
[Site "Biel, Switzerland"]
[Date "2026.07.17"]
[Round "5.1"]
[White "Gopal, G.N."]
[Black "Acs, Peter"]
[Result "1/2-1/2"]
[TimeControl "100+30+30sec/move"]
[WhiteTitle "-"]
[BlackTitle "-"]
[WhiteFideId "5015693"]
[BlackFideId "708020"]
[WhiteElo "2529"]
[BlackElo "2561"]

1. e4 c5 2. Nf3 e6 3. d4 cxd4 4. Nxd4 a6 5. Bd3 Bc5 6. Nb3 Ba7 7. Qe2 Ne7 8. Be3 O-O 9. Nc3 b5 10.
f4 b4 11. Bxa7 Rxa7 12. Qe3 Nbc6 13. Ne2 Qc7 14. O-O Rd8 15. Kh1 a5 16. a4 bxa3 17. Rxa3 Nb4 18. Nc3 Ra8 19. Rfa1 Nec6 20.
Nb5 Qb8 21. N5d4 Nxd4 22. Nxd4 Nxd3 23. cxd3 Qxb2 24. h3 Qb6 25. Nc2 Qc7 26. Qd2 Bb7 27. Rxa5 1/2-1/2

[Event "Masters Tournament (MTO)"]
[Site "Biel, Switzerland"]
[Date "2026.07.17"]
[Round "5.2"]
[White "Gloeckler, Christian"]
[Black "Aronyak, Ghosh"]
[Result "1/2-1/2"]
[TimeControl "100+30+30sec/move"]
[WhiteTitle "-"]
[BlackTitle "-"]
[WhiteFideId "34608966"]
[BlackFideId "25072846"]
[WhiteElo "2506"]
[BlackElo "2549"]

1. e4 c6 2. Nc3 d5 3. Nf3 dxe4 4. Nxe4 Nf6 5. Qe2 Nxe4 6. Qxe4 Be6 7. b3 Nd7 8. Bb2 Qa5 9. Qe3 Bf5 10.
Bc3 Qb6 11. Nd4 Bg6 12. f4 O-O-O 13. f5 e5 14. Ne6 Qxe3+ 15. dxe3 fxe6 16. fxg6 hxg6 17. Bc4 Re8 18. Bd3 Rh6 19.
h3 Be7 20. Be2 Bh4+ 21. Kd2 Bf6 22. e4 Bg5+ 23. Ke1 Bh4+ 24. Kf1 Bg3 1/2-1/2

[Event "Masters Tournament (MTO)"]
[Site "Biel, Switzerland"]
[Date "2026.07.17"]
[Round "5.3"]
[White "Ghosh, Diptayan"]
[Black "Nguyen, Thi Mai Hung"]
[Result "1/2-1/2"]
[TimeControl "100+30+30sec/move"]
[WhiteTitle "-"]
[BlackTitle "-"]
[WhiteFideId "5045207"]
[BlackFideId "12401676"]
[WhiteElo "2554"]
[BlackElo "2260"]

1. Nf3 d5 2. g3 Nf6 3. Bg2 c6 4. O-O Bf5 5. c4 Nbd7 6. cxd5 cxd5 7. Qb3 Qc8 8. d3 Nc5 9. Qc3 e6 10.
Be3 b6 11. Rc1 Qb7 12. Nd4 Bg6 13. b4 Na6 14. a3 Bd6 15. Nd2 Qd7 16. Nc4 Bc7 17. Bf4 O-O 18. Ne5 Bxe5 19. Bxe5 Rfc8 20.
Nc6 Ne8 21. b5 Nc5 22. Bd4 Nb7 23. Qb4 Nbd6 24. a4 Rc7 25. e4 f6 26. Bb2 dxe4 27. dxe4 e5 28. Rd1 Qe6 29. Ba3 a5 30.
Qc3 Nc4 31. Rac1 Bf7 32. Bf1 Nxa3 33. Qxa3 Qb3 34. Qa1 Qa2 35. Qc3 Qb3 36. Qa1 Kh8 37. Rd2 Qf3 38. Re1 h5 39. Re3 Qg4 40. Qa3 Rd7 41. Rxd7 Qxd7 42. Rd3 Qg4 43. Qf8+ Bg8 44. Rd8 Rxd8 45.
Nxd8 Nd6 46. Qxd6 Qxe4 47. Ne6 Qxa4 48. h3 Qb3 49. Nf8 Bd5 50. Ng6+ Kh7 51. Ne7 Be4 52. Be2 h4 53. Qd1 a4 54.
f3 Bc2 55. Qd5 hxg3 56. Kg2 Kh6 57. Qd8 Kh7 58. Qc8 Bb1 59. Bc4 Qc2+ 60. Kxg3 a3 61. Qg8+ Kh6 62. Qh8+ Qh7 63. Qa8 Kg5 64.
Qc8 Qh4+ 65. Kg2 Qd4 66.
h4+ Qxh4 67. Ba2 Bd3 68.
Qf8 g6 69. Ng8 Kf4 70. Qb4+ e4 71.
Qd2+ Ke5 72. Qc3+ Kf4 73. Qd2+ Ke5 74. Qc3+ Kf4 75. Qd2+ e3 76. Qb4+ Kg5 1/2-1/2

[Event "Masters Tournament (MTO)"]
[Site "Biel, Switzerland"]
[Date "2026.07.17"]
[Round "5.4"]
[White "Balabayeva, Xeniya"]
[Black "Sasikiran, Krishnan"]
[Result "1-0"]
[TimeControl "100+30+30sec/move"]
[WhiteTitle "-"]
[BlackTitle "-"]
[WhiteFideId "13719688"]
[BlackFideId "5004985"]
[WhiteElo "2302"]
[BlackElo "2546"]

1. d4 Nf6 2. c4 g6 3. Nf3 Bg7 4. g3 c6 5. Bg2 d5 6. cxd5 cxd5 7. O-O O-O 8. Nc3 Nc6 9. Ne5 Bf5 10.
Bf4 Rc8 11. Nxc6 bxc6 12. Be5 h5 13. h3 Re8 14. Re1 Qd7 15. Kh2 h4 16. g4 Be6 17. Qd2 c5 18. Rad1 Red8 19. Kg1 cxd4 20.
Bxd4 Ne4 21. Qe3 Nxc3 22. bxc3 Rc4 23. Qg5 Rdc8 24. e4 Bxd4 25. cxd4 Qd6 26. exd5 Bd7 27. Qxe7 Qxe7 28. Rxe7 Ba4 29.
Rd2 a6 30. Ra7 Bb5 31. d6 Rd8 32. Bd5 Rc1+ 33. Kh2 Rxd6 34. Bxf7+ Kf8 35. Bb3 Rc3 36. Rf7+ Ke8 37. Rh7 g5 38. Rg7 Bf1 39. Rxg5 Rxh3+ 40. Kg1 Bb5 41. Kg2 Rc3 42. Rh5 Bd3 43.
f3 Rxd4 44. Kf2 Rd6 45. Rxh4 Rf6 46. Rh5 Kf8 47. Re5 Bg6 48. Re3 Rc7 49. Kg3 Rc1 50. Rd8+ Kg7 51. Re7+ 1-0

[Event "Masters Tournament (MTO)"]
[Site "Biel, Switzerland"]
[Date "2026.07.17"]
[Round "5.5"]
[White "Pleschke, Julius Jonas"]
[Black "Kozak, Adam"]
[Result "1/2-1/2"]
[TimeControl "100+30+30sec/move"]
[WhiteTitle "-"]
[BlackTitle "-"]
[WhiteFideId "54734258"]
[BlackFideId "753246"]
[WhiteElo "2280"]
[BlackElo "2531"]

1. d4 Nf6 2. c4 e6 3. Nf3 b6 4. g3 Bb7 5. Bg2 Be7 6. O-O O-O 7. Nc3 Ne4 8. Bd2 Nxd2 9. Qxd2 d6 10.
Rac1 Nd7 11. Rfd1 c6 12. e4 a6 13. d5 cxd5 14. cxd5 e5 15. b4 g6 16. Qe2 f5 17. Ne1 f4 18.
Nd3 b5 19. gxf4 exf4 20. e5 f3 21. Bxf3 Nxe5 22. Nxe5 dxe5 23. Bg4 Bd6 24. Ne4 Bxb4 25. Nc5 Bxc5 26. Be6+ Kg7 27. Qxe5+ Qf6 1/2-1/2

[Event "Masters Tournament (MTO)"]
[Site "Biel, Switzerland"]
[Date "2026.07.17"]
[Round "5.6"]
[White "Cherniaev, Alexander"]
[Black "Alexakis, Dimitris"]
[Result "0-1"]
[TimeControl "100+30+30sec/move"]
[WhiteTitle "-"]
[BlackTitle "-"]
[WhiteFideId "4117301"]
[BlackFideId "4277023"]
[WhiteElo "2275"]
[BlackElo "2525"]

1. e4 c5 2. Nf3 Nc6 3. Bb5 g6 4. Nc3 Bg7 5. d3 Nd4 6. Bc4 a6 7. Nxd4 cxd4 8. Ne2 b5 9. Bd5 Rb8 10.
Bf4 d6 11. Qd2 e5 12. Bg5 Ne7 13. Bb3 h6 14. Bxe7 Qxe7 15. O-O O-O 16. c3 dxc3 17. Nxc3 Kh7 18. Nd5 Qd8 19. Rac1 h5 20.
Rce1 Bh6 21. Qd1 Bg4 22. f3 Be6 23. Kh1 a5 24. a3 h4 25. d4 a4 26. Ba2 b4 27. axb4 Bxd5 28. Bxd5 Rxb4 29.
dxe5 dxe5 30. Re2 Qb6 31. Qc2 Be3 32. Ra1 Bd4 33. Qd1 Rc8 34. Qe1 Rxb2 35. Qxh4+ Kg7 36. Ree1 Bf2 37. Qg4 Bxe1 38.
Qxc8 Qf2 0-1

[Event "Masters Tournament (MTO)"]
[Site "Biel, Switzerland"]
[Date "2026.07.17"]
[Round "5.7"]
[White "Hasenohr, Benedict"]
[Black "Shukhman, Anna"]
[Result "0-1"]
[TimeControl "100+30+30sec/move"]
[WhiteTitle "-"]
[BlackTitle "-"]
[WhiteFideId "1303309"]
[BlackFideId "54180058"]
[WhiteElo "2247"]
[BlackElo "2443"]

1. d4 Nf6 2. c4 e6 3. Nc3 d5 4. cxd5 exd5 5. Bg5 Be6 6. e3 Nbd7 7. Bd3 c6 8. h3 Be7 9. Nf3 Nh5 10. Bxe7 Qxe7 11. O-O g6 12.
Qb1 a5 13. a3 Qf6 14. Qd1 O-O 15. Nh2 Ng7 16. Qf3 Rfe8 17. b4 b5 18. Ne2 Qe7 19. Ng4 h5 20. Ne5 Nxe5 21. dxe5 axb4 22.
Nd4 c5 23. Nxe6 Qxe6 24. Bxb5 Reb8 25. a4 c4 26. Rad1 Rd8 27. Qf6 Rac8 28. Ba6 Rb8 29. e4 Ne8 30. exd5 Qxf6 31. exf6 c3 32.
Rd3 Nd6 33. Re3 Ra8 34. Bb5 Nxb5 35. axb5 Rxd5 36. b6 Rb5 37. Re7 b3 38. b7 Rf8 39. Rc7 c2 40. Kh2 b2 0-1

[Event "Masters Tournament (MTO)"]
[Site "Biel, Switzerland"]
[Date "2026.07.17"]
[Round "5.8"]
[White "Baenziger, Fabian"]
[Black "Dai, Wenzhi"]
[Result "1-0"]
[TimeControl "100+30+30sec/move"]
[WhiteTitle "-"]
[BlackTitle "-"]
[WhiteFideId "1330110"]
[BlackFideId "8608369"]
[WhiteElo "2435"]
[BlackElo "2126"]

1. d4 Nf6 2. c4 e6 3. Nf3 d5 4. g3 Be7 5. Bg2 O-O 6. O-O dxc4 7. Qa4 a6 8. Qxc4 b5 9. Qc2 Bb7 10.
Bd2 Ra7 11. Rc1 Be4 12. Qb3 Nc6 13. e3 Qa8 14. Qd1 b4 15. Be1 h6 16. a3 a5 17. Qe2 Bd5 18. Nbd2 bxa3 19. bxa3 Nb8 20.
Nh4 Bxg2 21. Nxg2 Nbd7 22. a4 Rb8 23. Rab1 Bb4 24. Nb3 Rab7 25. Qc2 Qa7 26. Nf4 Bxe1 27. Rxe1 c5 28. Nd3 cxd4 29.
Nxd4 Rxb1 30. Rxb1 Rxb1+ 31. Qxb1 Qb6 32. Qc2 Nd5 33. Qc8+ Nf8 34. Nb5 g6 35. Ne5 Nf6 36. Nc4 1-0

[Event "Masters Tournament (MTO)"]
[Site "Biel, Switzerland"]
[Date "2026.07.17"]
[Round "5.9"]
[White "Liu, Bei"]
[Black "Elmi, Saad Abobaker"]
[Result "1-0"]
[TimeControl "100+30+30sec/move"]
[WhiteTitle "-"]
[BlackTitle "-"]
[WhiteFideId "8603596"]
[BlackFideId "1553259"]
[WhiteElo "2175"]
[BlackElo "2399"]

1. e4 c5 2. Nf3 d6 3. d4 cxd4 4. Nxd4 Nf6 5. Nc3 g6 6. Be3 Bg7 7. f3 a6 8. Qd2 h5 9. Bc4 b5 10. Bb3 Bb7 11. a4 bxa4 12.
Bxa4+ Nbd7 13. O-O O-O 14. Bb3 Rc8 15. Kh1 Ne5 16. Bh6 Nc4 17. Bxc4 Rxc4 18. Bxg7 Kxg7 19. b3 Rc8 20. Nd5 e6 21.
Ne3 Nd7 22. c4 Qf6 23. Ne2 Nc5 24. Rab1 Rfd8 25. b4 Nd7 26. Qxd6 Ne5 27. Qb6 Rb8 28. Qa7 Nc6 29. Qc5 Rd2 30.
b5 axb5 31. cxb5 Ne5 32. Qc7 Rbd8 33. Nc1 Qf4 34. Nb3 R8d7 35. Qb8 R2d6 36. Nc5 Rd8 37. Qxb7 Qxe3 38. Qc7 Qd4 39. h3 h4 40.
f4 Nc4 41. f5 exf5 42. exf5 Ne5 43. Ne6+ 1-0

[Event "Masters Tournament (MTO)"]
[Site "Biel, Switzerland"]
[Date "2026.07.17"]
[Round "5.10"]
[White "Savitha, Shri B"]
[Black "Xu, Chang(Cq)"]
[Result "1-0"]
[TimeControl "100+30+30sec/move"]
[WhiteTitle "-"]
[BlackTitle "-"]
[WhiteFideId "35061887"]
[BlackFideId "8641757"]
[WhiteElo "2368"]
[BlackElo "2125"]

1. e4 c5 2. Nf3 d6 3. d4 cxd4 4. Nxd4 Nf6 5. Nc3 a6 6. h3 e5 7. Nb3 Be7 8. g4 h6 9. Be3 Nbd7 10.
Qf3 b5 11. O-O-O b4 12. Nd5 Nxd5 13. exd5 a5 14. Bb5 a4 15. Nd2 Ra5 16. Bc6 O-O 17. Nc4 Rc5 18. Bxd7 Rxc4 19. Bb5 Qc7 20.
Qe2 Re4 21. Bd3 Rxe3 22. fxe3 a3 23. Kb1 Qa5 24. h4 axb2 25. g5 Bb7 26. Bc4 b3 27. Bxb3 Ba6 28. Qg4 Bc8 29. Qf3 h5 30.
Qxh5 Qb4 31. Rhg1 Bf5 32. Qf3 g6 33. Rde1 Qc3 34. Qg2 e4 35. Qf1 Rc8 36. h5 Bf8 37. h6 Be7 38. Qe2 Bd8 39.
Ref1 Qe5 40. Qb5 Be7 41. Qb7 Rf8 42. Qa7 Bh3 43. Rf4 Bf5 44. a4 Re8 45. a5 Qc3 46. a6 Kh8 47. Qb6 1-0

[Event "Masters Tournament (MTO)"]
[Site "Biel, Switzerland"]
[Date "2026.07.17"]
[Round "5.11"]
[White "Coban, Ege"]
[Black "Cao, Qingfeng"]
[Result "0-1"]
[TimeControl "100+30+30sec/move"]
[WhiteTitle "-"]
[BlackTitle "-"]
[WhiteFideId "26320304"]
[BlackFideId "8627568"]
[WhiteElo "1986"]
[BlackElo "2365"]

1. e4 c6 2. d4 d5 3. e5 Bf5 4. h4 h5 5. Bd3 Bxd3 6. Qxd3 Qa5+ 7. Nd2 e6 8. Ngf3 Nh6 9. O-O Nf5 10.
Rd1 Be7 11. g3 Qa6 12. c4 O-O 13. b3 Rd8 14. Qc2 Nd7 15. Bb2 g6 16. Nf1 dxc4 17. bxc4 Nb6 18. Rac1 Qxa2 19. Ne3 Nxe3 20.
fxe3 Na4 21. Ba1 Qxc2 22. Rxc2 Nb6 23. e4 Rac8 24.
Rb1 Rc7 25. Nd2 Nc8 26. Rf1 Rcd7 27. Nb3 Bb4 28. Ra2 b6 29. Ra6 Be7 30. Kg2 Rf8 31. Nd2 f5 32. Rd1 Bb4 33. exf5 gxf5 34.
Nf3 Be7 35. Bb2 Rfd8 36. Rda1 c5 37. dxc5 Bxc5 38. Bc1 Rd1 39. Bg5 Rxa1 40. Rxa1 Rd3 41. Bf6 Be3 42. Kf1 Bd4 43. Nxd4 Rxd4 44.
Rc1 Kf7 45. Kf2 Nd6 46. exd6 Kxf6 47. c5 bxc5 48. Rxc5 Rxd6 49. Rc7 a5 50. Ra7 Rd2+ 51. Kf3 Ra2 52. Rh7 a4 53. Rxh5 a3 54.
Rh6+ Ke5 55. Rh8 Ra1 56. Ra8 Kf6 57. Ra6 a2 58. Kg2 Kg7 59. Ra7+ Kh6 60. Ra6 Kh5 61. Ra7 e5 62. Ra5 Kg4 63.
h5 Kxh5 64. Kh2 Kg5 65. Kg2 e4 66. g4 Kxg4 67. Ra3 e3 68. Rxe3 Rb1 0-1

[Event "Masters Tournament (MTO)"]
[Site "Biel, Switzerland"]
[Date "2026.07.17"]
[Round "5.12"]
[White "Dong, Hongfu"]
[Black "Ragavan, Samarth Rajesh"]
[Result "1-0"]
[TimeControl "100+30+30sec/move"]
[WhiteTitle "-"]
[BlackTitle "-"]
[WhiteFideId "8626960"]
[BlackFideId "39918106"]
[WhiteElo "2353"]
[BlackElo "2106"]

1. e4 c5 2. Nf3 e6 3. d4 cxd4 4. Nxd4 a6 5. Bd3 Bc5 6. Nb3 Ba7 7. Qg4 Nf6 8. Qg3 d6 9. Nc3 Nc6 10.
Bg5 h6 11. Bd2 Nb4 12. O-O-O Nxd3+ 13. cxd3 Rg8 14. f4 Bd7 15. e5 dxe5 16. fxe5 Bb8 17. Rhf1 Bc6 18. Rde1 Nd5 19.
Bxh6 Nb4 20. d4 Bb5 21. Nxb5 axb5 22. Rxf7 Kxf7 23. Rf1+ Ke8 24. Qg6+ Kd7 25. Rf7+ Kc6 26. Qxe6+ Bd6 27.
exd6 gxh6 28. d7+ Kc7 29. Qe5+ Kb6 30. Qc5+ Ka6 31. Qxb4 Qg5+ 32. Kb1 Qg6+ 33. Ka1 Kb6 34. Qc5+ Ka6 35.
Qc7 Qb6 36. Rf6 1-0

[Event "Masters Tournament (MTO)"]
[Site "Biel, Switzerland"]
[Date "2026.07.17"]
[Round "5.13"]
[White "Haimovich, Tal"]
[Black "Yasaswi, Krishna Bommi"]
[Result "0-1"]
[TimeControl "100+30+30sec/move"]
[WhiteTitle "-"]
[BlackTitle "-"]
[WhiteFideId "2801698"]
[BlackFideId "33368783"]
[WhiteElo "2310"]
[BlackElo "2085"]

1. d4 Nf6 2. c4 g6 3. Nc3 Bg7 4.
e4 d6 5.
Be2 O-O 6. Nf3 e5 7. O-O Nbd7 8. d5 Nc5 9. Qc2 a5 10. Ne1 Ne8 11. Nd3 b6 12. Be3 f5 13. f3 f4 14. Bf2 h5 15.
a3 Nxd3 16. Qxd3 g5 17. b4 g4 18. Rfc1 Qg5 19. Qd2 Bh6 20. Be1 Rf7 21. c5 bxc5 22. bxc5 Rg7 23. Nb5 Qg6 24. cxd6 cxd6 25.
Ra2 gxf3 26. Bxf3 Bg4 27. Qd3 Bg5 28. Kf1 Bd8 29. Bf2 Bxf3 30. Qxf3 Nf6 31. Re2 Ng4 32. Bg1 Bb6 33. Rc6 Bc5 34.
Rc2 Ne3+ 35. Bxe3 fxe3 36. R2xc5 Rf8 37. Qxf8+ Kxf8 38. Rc8+ Ke7 39. R5c7+ Kf6 40. Rf8+ Kg5 41. Rxg7 Qxg7 42.
Rf3 Qb7 43. a4 Qb6 44. Ke2 Qc5 45. Rxe3 Qc4+ 46. Kf2 Qxa4 47. Nxd6 Qc2+ 48. Kf3 a4 49. h4+ Kf6 50. Nf5 Qc1 51.
Rd3 Qf4+ 52. Ke2 Qxe4+ 53. Ne3 Ke7 54. g3 Kd8 55. Ra3 Qb4 56. Nc2 Qc4+ 57. Kd2 e4 58. Kc1 Kd7 59. Kb2 Qb5+ 60.
Ka1 Qxd5 61. Rxa4 Qb3 62. Ra7+ Kc8 63. Ra2 e3 64. Rb2 Qc3 65. Ka2 e2 66. Kb1 e1=Q+ 67. Nxe1 Qxe1+ 68. Ka2 Qxg3 69.
Rb4 Kd7 70. Kb2 Ke6 71. Kc2 Kf5 72. Rc4 Qe3 73. Ra4 Qe2+ 74. Kc3 Qe1+ 75. Kc2 Qg3 76. Rc4 Qe3 77. Ra4 Qc5+ 78. Kd2 Qb5 79.
Rd4 Ke5 80. Kc3 Qa5+ 81. Rb4 Kf5 82. Kb3 Qxb4+ 83. Kxb4 Kg4 84. Kc4 Kxh4 85. Kd3 Kg3 0-1

[Event "Masters Tournament (MTO)"]
[Site "Biel, Switzerland"]
[Date "2026.07.17"]
[Round "5.14"]
[White "Ganguly, Surya Shekhar"]
[Black "Harish, Neeraj"]
[Result "1-0"]
[TimeControl "100+30+30sec/move"]
[WhiteTitle "-"]
[BlackTitle "-"]
[WhiteFideId "5002150"]
[BlackFideId "30958130"]
[WhiteElo "2578"]
[BlackElo "2201"]

1. e4 c5 2. Nf3 e6 3. d4 cxd4 4. Nxd4 Nf6 5. Nc3 Nc6 6. a3 Be7 7. Nxc6 bxc6 8. e5 Nd5 9. Qg4 g6 10. Bd2 d6 11. exd6 Bxd6 12. Bc4 O-O 13. O-O h5 14. Qe2 Bb7 15.
Ne4 Be7 16. Qf3 c5 17. Bh6 Re8 18. Bb5 f5 19. Qg3 Kh7 20. Ng5+ Bxg5 21. Bxg5 Qb6 22. Bxe8 Rxe8 23. c4 Ne7 24.
Rad1 Nc6 25. Rd7+ Kg8 26. Bd8 1-0

[Event "Masters Tournament (MTO)"]
[Site "Biel, Switzerland"]
[Date "2026.07.17"]
[Round "5.15"]
[White "Ivana Maria, Furtado"]
[Black "Lu, Miaoyi"]
[Result "1/2-1/2"]
[TimeControl "100+30+30sec/move"]
[WhiteTitle "-"]
[BlackTitle "-"]
[WhiteFideId "5048400"]
[BlackFideId "8618020"]
[WhiteElo "2182"]
[BlackElo "2392"]

1. Nf3 Nf6 2. c4 b6 3. d4 e6 4. Nc3 Bb4 5. Bd2 Bb7 6. e3 O-O 7. Bd3 c5 8. a3 Bxc3 9. Bxc3 cxd4 10.
Bxd4 d6 11. Bc3 e5 12. Be2 Ne4 13. Rc1 Nd7 14. O-O f5 15. Nd2 Nxc3 16. Rxc3 Nf6 17. f4 Qe7 18. Bf3 Rad8 19. Bxb7 Qxb7 20.
Qf3 Qxf3 21. Nxf3 Rfe8 22. g3 exf4 23. gxf4 Ne4 24. Rcc1 Nc5 25. Rc3 Na4 26. Rb3 Nc5 27. Rc3 Na4 28.
Rb3 Re4 29. Nd4 d5 30. cxd5 Rxd5 31. Rc1 Rc5 1/2-1/2

[Event "Masters Tournament (MTO)"]
[Site "Biel, Switzerland"]
[Date "2026.07.17"]
[Round "5.16"]
[White "Fogo Esquivel, Levi Kalani Alexander"]
[Black "Georgescu, Lena"]
[Result "1/2-1/2"]
[TimeControl "100+30+30sec/move"]
[WhiteTitle "-"]
[BlackTitle "-"]
[WhiteFideId "5183189"]
[BlackFideId "1331973"]
[WhiteElo "2125"]
[BlackElo "2253"]

1. e4 c5 2. Nf3 d6 3. c3 Nf6 4. Be2 g6 5. O-O Bg7 6. Bb5+ Nc6 7. Re1 O-O 8. h3 e5 9. d4 exd4 10.
cxd4 cxd4 11. Nxd4 Nxd4 12. Qxd4 a6 13. Bf1 Re8 14. Qd3 d5 15. Bg5 Bf5 16. Nc3 Bxe4 17. Bxf6 Qxf6 18. Nxe4 dxe4 19.
Rxe4 Qxb2 20. Rb1 Qxa2 21. Rxb7 Rxe4 1/2-1/2

[Event "Masters Tournament (MTO)"]
[Site "Biel, Switzerland"]
[Date "2026.07.17"]
[Round "5.17"]
[White "Tkhoruk, Roman"]
[Black "Schnell, Simon"]
[Result "1/2-1/2"]
[TimeControl "100+30+30sec/move"]
[WhiteTitle "-"]
[BlackTitle "-"]
[WhiteFideId "34161589"]
[BlackFideId "1345311"]
[WhiteElo "1967"]
[BlackElo "2211"]

1. e4 c6 2. d4 d5 3. e5 Bf5 4. h4 h5 5. Bd3 Bxd3 6. Qxd3 Qa5+ 7. c3 Qa6 8. Qxa6 Nxa6 9. Be3 e6 10.
Nd2 Ne7 11. Ngf3 Nf5 12. Ke2 c5 13. g3 cxd4 14. cxd4 Be7 15. a3 Rc8 16. Rac1 Kd7 17. Nb3 b6 18. Rxc8 Rxc8 19. Rc1 Rxc1 20.
Nxc1 Nb8 21. Kd3 Kc6 22. Na2 Nd7 23. Nc3 b5 24. a4 bxa4 25. Nxa4 Nb8 26. Nc3 Na6 27. Nd1 Nb4+ 28. Kc3 Kb5 29.
Bd2 Nc6 30. Ne3 Nxe3 31. Bxe3 Na5 32. b3 Nc6 33. Ng5 Bxg5 34. Bxg5 a5 35. f3 g6 36. Bh6 a4 37. bxa4+ Kxa4 38.
Bf8 Na5 39. Be7 Nc4 40. Bg5 Na3 41. Be3 Nb5+ 42. Kc2 Kb4 43. Kd3 Kb3 44. Bd2 Na3 45. Be1 Nc4 46. Bc3 Nb6 47. Be1 Na4 48.
Ba5 Nb2 49. Ke2 Kc4 50. Bb6 Na4 51. Ba7 Nc3+ 52. Ke3 Nb5 53. Bc5 Kc3 54. Bb6 Na3 55. Kf4 Nc2 56. Kg5 Nxd4 57. Kf6 Nxf3 58.
Kxf7 Nxe5+ 59. Kxe6 Ng4 60. Kxd5 Kd3 61. Ke6 Ke4 62. Bc7 Ne3 63. Kf6 Nd5+ 64. Kxg6 Nxc7 65. Kxh5 Kf5 66. g4+ Kf6 67.
Kh6 Kf7 68. Kh7 Ne6 69. g5 Nf8 70. Kh6 Kg8 71. h5 Ne6 72. Kg6 Nxg5 73. Kxg5 Kh8 1/2-1/2

[Event "Masters Tournament (MTO)"]
[Site "Biel, Switzerland"]
[Date "2026.07.17"]
[Round "5.18"]
[White "Angst, Oliver"]
[Black "Arsenie, Cristian Marc"]
[Result "0-1"]
[TimeControl "100+30+30sec/move"]
[WhiteTitle "-"]
[BlackTitle "-"]
[WhiteFideId "1334069"]
[BlackFideId "1345923"]
[WhiteElo "2121"]
[BlackElo "2300"]

1. e4 c5 2. Nf3 d6 3. d4 cxd4 4. Nxd4 Nf6 5. Nc3 a6 6. h3 g6 7. Be3 Bg7 8. Qd2 Nbd7 9. g4 b5 10.
f3 Bb7 11. a3 Ne5 12. h4 h5 13. g5 Nxf3+ 14. Nxf3 Nxe4 15. Nxe4 Bxe4 16. Bg2 Bxb2 17. Bd4 Bxa1 18. Bxa1 e5 19. Qe3 Bxf3 20. Bxf3 O-O 21.
Bxa8 Qxa8 22. O-O Rc8 23. Qf3 Qa7+ 24. Kh1 Rxc2 25. Bc3 Qc7 26. Ba5 Qc4 27. Be1 a5 28. Bg3 b4 29. axb4 axb4 30.
Rb1 Rc1+ 31. Rxc1 Qxc1+ 32. Kh2 Qc2+ 33. Bf2 b3 34. Qf6 b2 35. Qd8+ Kh7 36. Qf6 Qb3 0-1

[Event "Masters Tournament (MTO)"]
[Site "Biel, Switzerland"]
[Date "2026.07.17"]
[Round "5.19"]
[White "Kunz, Andre"]
[Black "Udelnov, Valentin"]
[Result "1/2-1/2"]
[TimeControl "100+30+30sec/move"]
[WhiteTitle "-"]
[BlackTitle "-"]
[WhiteFideId "24623652"]
[BlackFideId "16265734"]
[WhiteElo "2116"]
[BlackElo "2269"]

1. e4 e5 2. Nc3 Nf6 3. g3 Nc6 4. Bg2 Bc5 5. Nge2 O-O 6. O-O a5 7. h3 d6 8. Kh2 Re8 9. d3 h6 10.
f4 exf4 11. Nxf4 Nd4 12. Ncd5 Nxd5 13. Nxd5 c6 14. Ne3 Ne6 15. Qh5 Qc7 16. Nf5 Ng5 17. Bxg5 hxg5 18. Qxg5 Bxf5 19. Rxf5 Re5 20.
c3 Rxf5 21. Qxf5 Re8 22. d4 Bb6 23. Re1 Re6 24. Qg5 c5 25. d5 Re5 26. Qf4 c4 27. Rf1 Ba7 28. h4 b5 29. g4 Qe7 30.
Kg3 Bb6 31. g5 Bd8 32. Qg4 g6 33. Rf4 Kg7 34. Bh3 Qa7 35. Qf3 b4 36. Qf2 Bb6 37. Qe2 bxc3 38. bxc3 Be3 39. Rg4 Bc1 40.
Qf2 Qxf2+ 41. Kxf2 Bd2 42. Bf1 Bxc3 43. Bxc4 Re7 1/2-1/2

[Event "Masters Tournament (MTO)"]
[Site "Biel, Switzerland"]
[Date "2026.07.17"]
[Round "5.20"]
[White "Rappazzo, Johannes"]
[Black "Malli, Suvirr"]
[Result "0-1"]
[TimeControl "100+30+30sec/move"]
[WhiteTitle "-"]
[BlackTitle "-"]
[WhiteFideId "1340069"]
[BlackFideId "1341855"]
[WhiteElo "2268"]
[BlackElo "2120"]

1. e4 c5 2. Nc3 d6 3. f4 g6 4.
Nf3 Bg7 5. Bc4 Nc6 6. d3 e6 7. Bb3 Nge7 8. Be3 Nd4 9. Bxd4 cxd4 10. Ne2 Qa5+ 11. Qd2 Qc5 12. c3 dxc3 13. bxc3 O-O 14.
d4 Qc6 15. Ng3 Qa6 16. Ne2 Qc6 17. Bc2 b6 18. Bd3 b5 19. Rb1 a6 20. O-O Qc7 21. Rbc1 Bd7 22. Ng3 Rac8 23. e5 Nf5 24.
Ne4 Bc6 25. Nf6+ Bxf6 26. exf6 h5 27. Qe1 Qd8 28. Bxf5 exf5 29. Qh4 Re8 30. Rce1 Be4 31. Nd2 d5 32. Nb3 Rxc3 33. Nc5 Rc2 34.
Rf2 Rxf2 35. Kxf2 Qa5 36. Re2 Qc3 37. Nb3 Re6 38. Re3 Qc2+ 39. Re2 Qc4 40. Qg5 a5 41. Qh6 Rxf6 42. Qg5 Kg7 43.
Rd2 Qb4 44. Ke1 Qc3 45. Nc5 Qe3+ 46. Kd1 Qg1+ 47. Ke2 Bxg2 0-1

[Event "Masters Tournament (MTO)"]
[Site "Biel, Switzerland"]
[Date "2026.07.17"]
[Round "5.21"]
[White "Kukushkin, Ivan"]
[Black "Kwiatkowski, Jakub"]
[Result "0-1"]
[TimeControl "100+30+30sec/move"]
[WhiteTitle "-"]
[BlackTitle "-"]
[WhiteFideId "11634103"]
[BlackFideId "1348736"]
[WhiteElo "2257"]
[BlackElo "2107"]

1. Nf3 Nf6 2. c4 e6 3. b3 d5 4. Bb2 c5 5. cxd5 exd5 6. d4 Nc6 7. g3 cxd4 8. Nbd2 Bc5 9. Rc1 Qe7 10.
Bg2 O-O 11. O-O Bf5 12. Nh4 Be4 13. Ndf3 Rfe8 14. Re1 Bb4 15. Rf1 Bc5 16. Qd2 Bb4 17. Qf4 Nh5 18. Qg4 Nf6 19. Qf4 Ba3 20.
Bxa3 Qxa3 21. Nd2 Bxg2 22. Kxg2 Rxe2 23. Nf5 Ne7 24. Rc2 Nxf5 25. Qxf5 Rae8 26. Qd3 Qb4 27. Kg1 g6 28. a3 Qb6 29.
Rfc1 Kg7 30. Nf3 Rxc2 31. Rxc2 Re4 32. Kg2 Nd7 33. Qd2 Qxb3 34. Rc7 Qa4 35. Ng5 Re7 36. Qf4 Qxa3 37. Qxd4+ Nf6 38.
Rc8 Qd6 39. h4 h6 40. Ra8 b6 41. Nf3 Qc6 42. Rd8 Qc4 43. Qa1 Re2 44. h5 Qa2 45. Qd4 Qb2 46. Qxb2 Rxb2 47. hxg6 fxg6 48.
Ne5 Ne4 49. Rd7+ Kf6 50. Ng4+ Kg5 51. Ne3 Rxf2+ 52. Kh3 Nf6 53. Rxa7 d4 54. Ng2 d3 55. Ra3 d2 56. Rd3 Rf1 57.
Ne3 Rf3 58. Rxd2 Rxe3 59. Rb2 Nd5 60. Rb5 Re5 61. Rb3 Kf6 62. Kh4 Ke6 63. g4 Re3 64. Rb1 g5+ 65. Kh5 Kf6 66. Rh1 Nf4+ 67.
Kxh6 Rh3 0-1

[Event "Masters Tournament (MTO)"]
[Site "Biel, Switzerland"]
[Date "2026.07.17"]
[Round "5.22"]
[White "St Pierre, Joseph"]
[Black "Joly, Julien"]
[Result "0-1"]
[TimeControl "100+30+30sec/move"]
[WhiteTitle "-"]
[BlackTitle "-"]
[WhiteFideId "30953472"]
[BlackFideId "26082284"]
[WhiteElo "2067"]
[BlackElo "2257"]

1. d4 d6 2. e4 Nf6 3. Nc3 g6 4. f4 Bg7 5. Nf3 O-O 6. Be3 b6 7. Bc4 e6 8. Qd2 Bb7 9. Bd3 Na6 10.
h3 c5 11. O-O Rc8 12. e5 cxd4 13. Bxd4 dxe5 14. Bxe5 Nc7 15. a4 a6 16. Qf2 Ncd5 17. Nxd5 Nxd5 18. Be4 Qe7 19. c3 Rc5 20. Rfe1 Bxe5 21.
Nxe5 Nf6 22. Bxb7 Qxb7 23. Rad1 Rd5 24. c4 Rxd1 25. Rxd1 Qc7 26. Qd4 Rc8 27. b3 Nh5 28. g4 Nf6 29.
g5 Nh5 30. Ng4 Qxf4 31. Nf6+ Kf8 32. Nxh7+ Kg8 33. Nf6+ Kf8 34. Qxf4 Nxf4 35. Nd7+ Ke7 36. Nxb6 Rc6 37. a5 Nxh3+ 38. Kg2 Nxg5 39. b4 Ne4 40. b5 axb5 41. cxb5 Rc2+ 42. Kf3 Nd6 43.
a6 Nxb5 44. a7 Nxa7 45. Rd7+ Kf6 46. Rxa7 Rc1 47. Nd7+ Kg7 48. Ne5 Rf1+ 49. Ke4 Rf5 50. Rb7 g5 51. Ra7 Rf1 52. Nf3 g4 53.
Nh2 g3 54. Nxf1 g2 55. Ne3 g1=Q 56. Ra2 Qb1+ 57. Rc2 f5+ 58. Kf3 Kf6 59. Rh2 Qb7+ 60. Kg3 Kg5 61. Kf2 Qb2+ 62. Kg1 Qc1+ 63.
Nf1 e5 64. Rg2+ Kf6 65. Rg8 f4 66. Kf2 Qc2+ 67. Kf3 Qb3+ 0-1